 Dungeon Crawl Stone Soup version 0.29-a0-284-gf9362112df (webtiles) character file.

Game seed: 6850418824969757119

607 brightshaft the Magician (level 7, -1/51 HPs)
             Began as a Gnoll Hedge Wizard on Mar 16, 2022.
             Was an Initiate of Cheibriados.
             Slain by Pikel
             ... wielding a +1 whip of freezing
              (2 damage)
             ... on level 4 of the Dungeon.
             The game lasted 00:13:20 (5445 turns).

brightshaft the Magician (Gnoll Hedge Wizard)       Turns: 5445, Time: 00:13:20

Health: -1/51      AC:  5    Str: 11    XL:     7   Next: 43%
Magic:  10/18      EV: 28    Int: 22    God:    Cheibriados [......]
Gold:   216        SH:  0    Dex: 12    Spells: 10/21 levels left

rFire   + . .      SeeInvis .   x - +6 dagger of Uhiosun {freeze, rF+}
rCold   . . .      Faith    .   (no shield)
rNeg    . . .      Spirit   .   b - +0 robe
rPois   +          Reflect  .   k - +0 helmet
rElec   .          Harm     .   (no cloak)
rCorr   .          Rampage  .   q - +0 pair of gloves
Will    .....                   e - +0 pair of boots
Stlth   +++.......              B - amulet of the acrobat
HPRegen 0.17/turn               g - ring of poison resistance
MPRegen 0.16/turn               j - +6 ring of intelligence

@: acrobatic, very slow
A: fangs 1, strong nose, distributed training
a: Renounce Religion


You were on level 4 of the Dungeon.
You worshipped Cheibriados.
Cheibriados was noncommittal.
You visited 2 branches of the dungeon, and saw 5 of its levels.
You also visited: Ossuary.

You collected 216 gold pieces.

Inventory:

Hand Weapons
 x - the +6 dagger of Uhiosun (weapon) {freeze, rF+}
   (You found it on level 3 of the Dungeon)

   It freezes those it strikes, dealing additional cold damage.
   It can also slow down cold-blooded creatures.
   rF:        It protects you from fire.
Armour
 b - a +0 robe (worn)
 c - a +0 leather armour
 e - a +0 pair of boots (worn)
 h - a +0 kite shield
 k - a +0 helmet (worn)
 q - a +0 pair of gloves (worn)
Jewellery
 g - a ring of poison resistance (left hand)
 j - a +6 ring of intelligence (right hand)
 m - an amulet of faith
 w - a +6 ring of strength
 B - an amulet of the acrobat (around neck)
Scrolls
 f - 2 scrolls of identify
 o - 5 scrolls of amnesia {unknown}
 s - 2 scrolls of enchant armour {unknown}
 t - 2 scrolls of magic mapping {unknown}
 u - 3 scrolls of immolation {unknown}
 y - 2 scrolls of teleportation
 z - a scroll of fear {unknown}
 A - a scroll of brand weapon {unknown}
Potions
 a - 2 potions of mutation {unknown}
 d - a potion of magic
 i - a potion of curing
 l - 2 potions of might {unknown}
 n - a potion of degeneration {unknown}
 p - 2 potions of flight {unknown}
 r - 2 potions of attraction
 v - a potion of lignification {unknown}


   Skills:
 + Level 2.5 Fighting
 + Level 2.5 Short Blades
 + Level 2.5 Long Blades
 + Level 2.5 Axes
 + Level 2.5 Maces & Flails
 + Level 2.5 Polearms
 + Level 2.5 Staves
 + Level 2.5 Slings
 + Level 2.5 Bows
 + Level 2.5 Crossbows
 + Level 2.5 Throwing
 + Level 2.5 Armour
 + Level 5.2 Dodging
 + Level 4.9 Stealth
 + Level 2.5 Shields
 + Level 2.5 Unarmed Combat
 + Level 7.6 Spellcasting
 + Level 3.0 Conjurations
 + Level 2.0 Hexes
 + Level 3.0 Summonings
 + Level 2.0 Necromancy
 + Level 3.0 Translocations
 + Level 2.0 Transmutations
 + Level 2.0 Fire Magic
 + Level 2.0 Ice Magic
 + Level 2.0 Air Magic
 + Level 2.0 Earth Magic
 + Level 2.0 Poison Magic
 + Level 2.7 Invocations
 + Level 2.5 Evocations


You had 10 spell levels left.
You knew the following spells:

 Your Spells              Type           Power      Damage    Failure   Level
a - Magic Dart            Conj           84%        1d7       2%          1
b - Call Imp              Summ           21%        N/A       3%          2
c - Blink                 Tloc           42%        N/A       3%          2
d - Dazzling Flash        Conj/Hex       38%        N/A       9%          3
e - Mephitic Cloud        Conj/Pois/Air  18%        N/A       9%          3

Your spell library contained the following spells:

 Spells                   Type           Power      Damage    Failure   Level
 Slow                     Hex            68%        N/A       3%          1
 Conjure Flame            Conj/Fire      19%        6-21      9%          3
 Agony                    Necr           17%        N/A       67%         5
 Silence                  Hex/Air        8%         N/A       67%         5


Dungeon Overview and Level Annotations

Branches:
Dungeon (4/15)             Temple (1/1) D:4         Ossuary (visited)

Altars:
Cheibriados
Dithmenos
Elyvilon
Fedhas
Gozag
Kikubaaqudgha
Makhleb
Nemelex Xobeh
Okawaru
Ru
Sif Muna
Trog
Vehumet
Wu Jian
Yredelemnul
Zin

Annotations:
D:4 Pikel


Innate Abilities, Weirdness & Mutations

You have very sharp teeth.
Your uncanny sense of smell can sniff out nearby items.
Your experience applies equally to all skills.


Message History

Aim: a lemure (chance to affect: 77%)
The ball explodes into a vile cloud!
The stinking cloud engulfs the lemure but does no damage.
The stinking cloud engulfs Pikel but does no damage.
Pikel is engulfed in noxious fumes.
Pikel closely misses you.
The lemure is engulfed in noxious fumes.
Pikel attacks as you move away! Pikel misses you.
Pikel is engulfed in noxious fumes.
The lemure is engulfed in noxious fumes.
The lemure appears confused.
The lemure is engulfed in noxious fumes.
The lemure is engulfed in noxious fumes.
The lemure appears confused.
The lemure is engulfed in noxious fumes.
The lemure appears confused.
Pikel completely misses you.
The lemure is engulfed in noxious fumes.
The lemure closely misses Pikel.
The lemure is engulfed in noxious fumes.
The lemure appears confused.
The lemure hits itself!
The lemure is engulfed in noxious fumes.
The lemure appears confused.
The lemure hits the lemure.
The lemure barely misses itself.
The lemure hits the lemure.
The lemure hits the lemure.
The lemure hits the lemure but does no damage.
Something hits the lemure.
Pikel closely misses you.
The lemure hits the lemure!
Pikel completely misses you. Pikel misses you. Pikel closely misses you.
Pikel hits you with a +1 whip of freezing!
* * * LOW HITPOINT WARNING * * *
Pikel freezes you.
* * * LOW HITPOINT WARNING * * *
Pikel attacks as you move away!
Pikel hits you with a +1 whip of freezing!
* * * LOW HITPOINT WARNING * * *
Pikel freezes you.
You die...

..##..........##.##.............#
.##..........##...##...........##
##..............>.............##
#..#.....#...##)..##.........##
..##....##....##.##.........##
.###..####.##..#.#..##.###.## ##
#.## #..##.....##..##..# ###
##..##...##..###.##
##..#.@.#..###..# ###
##....K..###..## ..###
####...####.## ....## ###.5.#..#
.....## ###...## ......# ##...###
......# ##..5..#### ......#
######## ##.####....#### .....##
#......# #..# ####....#


You could see Pikel and 2 lemures.

Vanquished Creatures
  2 elf zombies (Ossuary)
  A necrophage (D:4)
  A scorpion (D:4)
  A human zombie (Ossuary)
  An orc priest (D:3)
  A gnoll shaman (D:3)
  3 mummies
  3 gnolls (D:3)
  6 adders
  2 adder zombies (Ossuary)
  A worm (D:3)
  3 dart slugs
  8 orcs
  3 ball pythons
  7 endoplasms
  2 giant cockroaches
  5 goblins
  7 hobgoblins
  2 jackals (D:1)
  5 kobolds
  5 quokkas
  4 bats
  A frilled lizard (D:1)
  A goblin zombie (Ossuary)
  4 hobgoblin zombies (Ossuary)
  A jackal zombie (Ossuary)
  10 kobold zombies (Ossuary)
  7 orc zombies (Ossuary)
  5 rats
102 creatures vanquished.

Vanquished Creatures (collateral kills)
  A human zombie (Ossuary)
  4 hobgoblin zombies (Ossuary)
  A kobold zombie (Ossuary)
  3 orc zombies (Ossuary)
9 creatures vanquished.

Grand Total: 111 creatures vanquished

Notes
Turn   | Place    | Note
-------+----------+-------------------------------------------
     0 | D:1      | brightshaft the Gnoll Hedge Wizard began the quest for the
                  | Orb.
     0 | D:1      | Reached XP level 1. HP: 13/13 MP: 8/8
   121 | D:1      | Found a faded altar of an unknown god.
   182 | D:1      | Reached XP level 2. HP: 12/19 MP: 2/10
  1117 | D:1      | Learned a level 2 spell: Call Imp
  1120 | D:1      | Learned a level 2 spell: Blink
  1163 | D:2      | Reached XP level 3. HP: 20/25 MP: 11/11
  2385 | D:3      | Reached skill level 1 in Fighting
  2385 | D:3      | Reached skill level 1 in Short Blades
  2385 | D:3      | Reached skill level 1 in Long Blades
  2385 | D:3      | Reached skill level 1 in Axes
  2385 | D:3      | Reached skill level 1 in Maces & Flails
  2385 | D:3      | Reached skill level 1 in Polearms
  2385 | D:3      | Reached skill level 1 in Staves
  2385 | D:3      | Reached skill level 1 in Slings
  2385 | D:3      | Reached skill level 1 in Bows
  2385 | D:3      | Reached skill level 1 in Crossbows
  2385 | D:3      | Reached skill level 1 in Throwing
  2385 | D:3      | Reached skill level 1 in Armour
  2385 | D:3      | Reached skill level 1 in Shields
  2385 | D:3      | Reached skill level 1 in Unarmed Combat
  2385 | D:3      | Reached skill level 1 in Invocations
  2385 | D:3      | Reached skill level 1 in Evocations
  2385 | D:3      | Reached XP level 4. HP: 32/32 MP: 3/13
  2548 | D:3      | Identified the +6 dagger of Uhiosun {freeze, rF+}
  2709 | D:3      | Reached skill level 1 in Hexes
  2709 | D:3      | Reached skill level 1 in Necromancy
  2709 | D:3      | Reached skill level 1 in Transmutations
  2709 | D:3      | Reached skill level 1 in Fire Magic
  2709 | D:3      | Reached skill level 1 in Ice Magic
  2709 | D:3      | Reached skill level 1 in Air Magic
  2709 | D:3      | Reached skill level 1 in Earth Magic
  2709 | D:3      | Reached skill level 1 in Poison Magic
  2712 | D:3      | Reached XP level 5. HP: 24/37 MP: 11/14
  3584 | D:4      | Found a sand-covered staircase.
  3592 | Ossuary  | Entered an ossuary
  3785 | Ossuary  | Reached XP level 6. HP: 44/44 MP: 16/16
  4050 | Ossuary  | Reached skill level 5 in Dodging
  4397 | Ossuary  | Reached XP level 7. HP: 16/50 MP: 7/18
  4650 | D:4      | Found a staircase to the Ecumenical Temple.
  4705 | Temple   | Entered the Ecumenical Temple
  4821 | Temple   | Became a worshipper of Cheibriados the Contemplative
  5164 | D:4      | Learned a level 3 spell: Dazzling Flash
  5168 | D:4      | Learned a level 3 spell: Mephitic Cloud
  5392 | D:4      | Noticed Pikel
  5445 | D:4      | HP: 1/51 [Pikel/+1 whip of freezing (8)]
  5445 | D:4      | Slain by Pikel

Illustrated notes

Levels and vault maps discovered:
D:1:      lemuel_arrival_funnel, layout_loops_corners,
          ebering_ecumenical_altar_rust, minmay_distorted
D:2:      layout_basic
D:3:      layout_rooms
D:4:      layout_cave_pods, minmay_temple_entry_waves,
          gup_ossuary_entry_pyramid, minmay_crystal_water, uniq_pikel,
          uniq_blork_the_orc
Temple:   compressed_dpeg_circular_temple

Skill      XL: |  1  2  3  4  5  6  7 |
---------------+----------------------+-----
Conjurations   | 2 3 |  3.0
Summonings     | 2 3 |  3.0
Translocations | 2 3 |  3.0
Fighting       | 1 2 |  2.5
Short Blades   | 1 2 |  2.5
Long Blades    | 1 2 |  2.5
Axes           | 1 2 |  2.5
Maces & Flails | 1 2 |  2.5
Polearms       | 1 2 |  2.5
Staves         | 1 2 |  2.5
Slings         | 1 2 |  2.5
Bows           | 1 2 |  2.5
Crossbows      | 1 2 |  2.5
Throwing       | 1 2 |  2.5
Armour         | 1 2 |  2.5
Shields        | 1 2 |  2.5
Unarmed Combat | 1 2 |  2.5
Invocations    | 1 2 |  2.7
Evocations     | 1 2 |  2.5
Hexes          | 1 2 |  2.0
Necromancy     | 1 2 |  2.0
Transmutations | 1 2 |  2.0
Fire Magic     | 1 2 |  2.0
Ice Magic      | 1 2 |  2.0
Air Magic      | 1 2 |  2.0
Earth Magic    | 1 2 |  2.0
Poison Magic   | 1 2 |  2.0
Dodging        | 5 |  5.2
Stealth        | |  4.9
Spellcasting   | |  7.6

Action                   |  1- 3 |  4- 6 |  7- 9 || total
-------------------------+-------+-------+-------++-------
Melee: Dagger            |    41 |   233 |    22 ||   296
       Bite              |    13 |    31 |     3 ||    47
       Long sword        |    51 |       |       ||    51
       Punch             |       |     3 |     1 ||     4
 Cast: Magic Dart        |    22 |    35 |    12 ||    69
       Blink             |     1 |     2 |     2 ||     5
       Call Imp          |       |     7 |     1 ||     8
       Mephitic Cloud    |       |       |     1 ||     1
  Use: Scroll            |     4 |     3 |       ||     7
 Stab: Sleeping          |     4 |     6 |     3 ||    13
Armor: Robe              |    29 |    59 |     7 ||    95
Dodge: Dodged            |    40 |   104 |    36 ||   180
Block: Kite shield       |    11 |       |       ||    11

Table legend: (Time is in decaauts)
 A = Elapsed time spent in this place.
 B = Non-inter-level travel time spent in this place.
 C = Inter-level travel time spent in this place.
 D = Time resting spent in this place.
 E = Time spent auto-exploring this place.
 F = Levels seen in this place.
 G = Mean time per level.
                   A        B        C        D        E       F      G
               +--------+--------+--------+--------+--------+-----+--------+
         Total |   5543 |   5462 |     81 |      0 |   4467 |   6 |  923.8 |
       Dungeon |   4386 |   4345 |     41 |      0 |   3618 |   4 | 1096.5 |
        Temple |    134 |     94 |     40 |      0 |     78 |   1 |  134.0 |
       Ossuary |   1021 |   1021 |      0 |      0 |    771 |   1 | 1021.0 |
               +--------+--------+--------+--------+--------+-----+--------+

Top non-repeatable levels by time:
     D:3: 1262 daAuts
     D:2: 1150 daAuts
     D:1: 1144 daAuts
 Ossuary: 1021 daAuts
     D:4: 829 daAuts
  Temple: 134 daAuts
